 Dungeon Crawl Stone Soup version 0.23.2-1-ga50397a (webtiles) character file.

Game seed: 4405441334298068816

275 IBeShadow the Insei (level 6, -1/39 HPs)
             Began as an Octopode Transmuter on May 22, 2019.
             Killed from afar by Ijyb (15 damage)
             ... with a wand of acid (7)
             ... on level 3 of the Dungeon.
             The game lasted 00:04:07 (2551 turns).

IBeShadow the Insei (Octopode Transmuter)           Turns: 2551, Time: 00:04:08

Health: -1/39      AC:  1    Str:  9    XL:     6   Next: 25%
Magic:  9/9        EV: 14    Int: 15    God:
Gold:   130        SH:  0    Dex: 18    Spells: 7/9 levels left

rFire    . . .     SeeInvis .     - Unarmed
rCold    . . .     Gourm    .   (no shield)
rNeg     . . .     Faith    .   (helmet restricted)
rPois    .         Spirit   .   (no amulet)
rElec    .         Reflect  .   f - +3 ring of dexterity
rCorr    .         Harm     .   n - ring of teleportation (curse)
MR       .....     Rnd*Tele +   (no ring)
Stlth    +++.......             (no ring)
HPRegen  0.13/turn              (no ring)
MPRegen  0.11/turn              (no ring)
                                (no ring)
                                (no ring)

@: drained
A: almost no armour, stealthy swim, amphibious, 8 rings, constrict 8, camouflage
1, gelatinous body 1
a: no special abilities


You were on level 3 of the Dungeon.
You were not hungry.

You visited 1 branch of the dungeon, and saw 3 of its levels.

You collected 130 gold pieces.

Inventory:

Missiles
 a - 47 arrows
Jewellery
 d - an uncursed amulet of faith
 f - a +3 ring of dexterity (left tentacle)
 n - a cursed ring of teleportation (right tentacle)
Scrolls
 e - a scroll of amnesia
 i - a scroll of identify {unknown}
Potions
 b - a potion of agility {unknown}
 g - a potion of haste {unknown}
 h - a potion of degeneration {unknown}
 j - a potion of heal wounds {unknown}
 k - a potion of might {unknown}
 l - a potion of brilliance {unknown}
 m - a potion of curing {unknown}
Comestibles
 c - 7 rations


   Skills:
 + Level 2.0(1.4) Fighting
 + Level 2.6(2.0) Dodging
 + Level 2.3(1.7) Stealth
 + Level 4.8(4.2) Unarmed Combat
 - Level 2.0(1.4) Spellcasting
 + Level 1.5(0.9) Hexes
 + Level 3.4(2.8) Transmutations


You had 7 spell levels left.
You knew the following spells:

 Your Spells              Type           Power        Failure   Level  Hunger
a - Beastly Appendage     Tmut           #.....       7%          1    ##.....
b - Confusing Touch       Hex            #.....       16%         1    ##.....

Your spell library contained the following spells:

 Spells                   Type           Power        Failure   Level  Hunger
 Sticks to Snakes         Tmut           #.......     11%         2    ###....
 Spider Form              Tmut/Pois      #.........   36%         3    ####...
 Confuse                  Hex            #.......     43%         3    ####...
 Gell's Gravitas          Tloc           #.........   56%         3    ####...
 Ice Form                 Ice/Tmut       #.......     78%         4    #####..
 Petrify                  Tmut/Erth      #.......     78%         4    #####..
 Blade Hands              Tmut           #.........   89%         5    ######.
 Yara's Violent Unravell  Hex/Tmut       #.........   96%         5    ######.
 Metabolic Englaciation   Hex/Ice        #.........   99%         5    ######.


Dungeon Overview and Level Annotations

Branches:
Dungeon (3/15)

Altars:

Annotations:
D:1 1 runed translucent door
D:3 Ijyb


Innate Abilities, Weirdness & Mutations

You cannot wear most types of armour.
You are very stealthy in the water. (Stealth+)
You are amphibious.
You can wear up to eight rings at the same time.
You can use your tentacles to constrict eight enemies at once.
Your skin changes colour to match your surroundings (Stealth+).
Your rubbery body absorbs attacks. (AC +1, EV +1)


Message History

Ijyb hits you.
The orc shouts!
You tentacle-slap Ijyb but do no damage.
You grab Ijyb. You constrict Ijyb.
Ijyb zaps a wand.
The bolt of acid hits you!
You are splashed with acid!
Unknown command.
You tentacle-slap Ijyb.
Ijyb is moderately wounded.
You constrict Ijyb. Ijyb hits you.
Unknown command.
Okay, then.
You tentacle-slap Ijyb.
Ijyb is moderately wounded.
You constrict Ijyb. Ijyb closely misses you.
Unknown command.
You tentacle-slap Ijyb but do no damage.
Ijyb is moderately wounded.
You constrict Ijyb, but do no damage.
Ijyb zaps a wand.
The bolt of acid hits you!
You die...

#.##.(....#
#..#.####.# #...#
###.#.## #...#
.......# #...#
.......# #...#
...(...# ###...#####
.......# .'.......#
.....>.#
#.go###.#########
.......#
#@.............#
.......#
#.####.#######.#
.......# #.# #.# #.#
......####### #.# #.#
#.# #...........#
#.####.# #.#
#.#########.#
#......# #.# #.# #.#
######## #.# #.# #.#
#######.# #.#
#.###########.......#


You could see Ijyb and an orc.

Vanquished Creatures
  Sigmund (D:3)
  An orc priest (D:3)
  2 adders (D:2)
  2 oozes (D:2)
  3 worms (D:2)
  2 dart slugs (D:1)
  A leopard gecko (D:2)
  4 orcs
  11 bats
  A giant cockroach (D:2)
  5 goblins
  6 hobgoblins
  A quokka (D:2)
  5 frilled lizards
  9 kobolds
  5 rats
59 creatures vanquished.

Notes
Turn   | Place    | Note
-------+----------+-------------------------------------------
     0 | D:1      | IBeShadow the Octopode Transmuter began the quest for the
                  | Orb.
     0 | D:1      | Reached XP level 1. HP: 13/13 MP: 3/3
     1 | D:1      | Found a runed translucent door.
   317 | D:1      | Reached XP level 2. HP: 18/18 MP: 5/5
   780 | D:2      | Reached XP level 3. HP: 22/23 MP: 6/6
   852 | D:2      | Reached skill level 4 in Unarmed Combat
  1418 | D:2      | Reached XP level 4. HP: 25/28 MP: 7/7
  1550 | D:2      | Learned a level 1 spell: Confusing Touch
  1815 | D:3      | Noticed Sigmund
  1821 | D:3      | Killed Sigmund
  1821 | D:3      | Reached skill level 1 in Stealth
  1821 | D:3      | Reached skill level 1 in Hexes
  1821 | D:3      | Reached XP level 5. HP: 23/34 MP: 8/8
  1821 | D:3      | Reached XP level 6. HP: 26/39 MP: 9/9
  2544 | D:3      | Noticed Ijyb
  2551 | D:3      | Killed from afar by Ijyb

Skill      XL: |  1  2  3  4  5  6 |
---------------+-------------------+-----
Unarmed Combat | 4 |  4.8
Transmutations | 3 |  3.4
Stealth        | 1 2 |  2.3
Hexes          | 1 |  1.5
Fighting       | 2 |  2.0
Dodging        | |  2.6
Spellcasting   | |  2.0

Action                   |  1- 3 |  4- 6 || total
-------------------------+-------+-------++-------
Melee: Unarmed           |    82 |    68 ||   150
       Constrict         |    19 |    19 ||    38
       Tentacles         |    14 |    11 ||    25
       Punch             |     1 |     3 ||     4
  Use: Scroll            |       |     3 ||     3
 Stab: Sleeping          |     5 |     2 ||     7
  Eat: Chunk             |     1 |     4 ||     5
Armor: Skin              |    12 |     6 ||    18
Dodge: Dodged            |    54 |    43 ||    97
